 Dungeon Crawl Stone Soup version 0.23-a0-470-g6f7cfd9 (webtiles) character file.

18 Amnesiac the Magician (level 2, 0/16 HPs)
             Began as a Deep Elf Wanderer on Nov 26, 2018.
             Slain by a hobgoblin (3 damage)
             ... on level 2 of the Dungeon.
             The game lasted 00:00:50 (320 turns).

Amnesiac the Magician (Deep Elf Wanderer)            Turns: 320, Time: 00:00:50

Health: 0/16       AC:  2    Str: 10    XL:     2   Next: 48%
Magic:  8/8        EV: 11    Int: 13    God:
Gold:   0          SH:  0    Dex: 16    Spells: 7/7 levels left

rFire    . . .     SeeInvis .   c - +0 hand axe
rCold    . . .     Gourm    .   (no shield)
rNeg     . . .     Faith    .   d - +0 robe
rPois    .         Spirit   .   (no helmet)
rElec    .         Reflect  .   (no cloak)
rCorr    .         Harm     .   (no gloves)
MR       .....                  (no boots)
Stlth    +.........             (no amulet)
HPRegen  0.05/turn              (no ring)
MPRegen  0.11/turn              (no ring)

@: no status effects
A: no striking features
a: no special abilities


You were on level 2 of the Dungeon.
You were not hungry.

You visited 1 branch of the dungeon, and saw 2 of its levels.

Inventory:

Hand Weapons
 c - a +0 hand axe (weapon)
Armour
 d - a +0 robe (worn)
Wands
 a - a wand of enslavement (15)
Scrolls
 e - a scroll of blinking {!r, unknown}
 g - a scroll of remove curse {!r, unknown}
Potions
 h - a potion of mutation {!q, unknown}
Comestibles
 b - 6 chunks of flesh
 f - a ration


   Skills:
 - Level 1.0 Fighting
 - Level 1.0 Axes
 - Level 1.0 Throwing
 - Level 1.0 Armour
 - Level 3.0 Spellcasting
   Level 2.1 Conjurations
   Level 1.1 Summonings
 + Level 2.8 Evocations


You had 7 spell levels left.
You didn't know any spells.
Your spell library contained the following spells:

 Spells                   Type           Power        Failure   Level  Hunger
 Passwall                 Tmut/Erth      #.......     34%         2    ###....
 Sticks to Snakes         Tmut           #.......     34%         2    ###....


Dungeon Overview and Level Annotations

Branches:
Dungeon (2/15)

Altars:


Message History

You hit the ooze.
You kill the ooze!
The bat hits you but does no damage.
You barely miss the bat. The bat hits you. The bat hits you.
The bat barely misses you. The bat hits you.
The bat hits you but does no damage. The bat barely misses you.
The bat closely misses you.
You see here a whip.
You hit the bat.
The bat is moderately wounded.
The bat barely misses you. The bat barely misses you.
Found a stone staircase leading down.
The bat hits you. The bat hits you but does no damage.
The bat barely misses you.
You hit the bat.
You kill the bat!
No target in view!
You butcher the bat corpse.
b - 6 chunks of flesh (gained 1)
You see here a bat skeleton. x2
A leopard gecko comes into view.
Found 4 javelins.
A leopard gecko is nearby!
Found a scroll labeled BEOMOO MUR QUHIA.
There is a stone staircase leading down here.
You climb downwards.
A giant cockroach, a hobgoblin and a kobold come into view.
Found 4 needles of confusion.
Found a stone staircase leading up.
There is a stone staircase leading up here.
The kobold hits you.
* * * LOW HITPOINT WARNING * * *
The hobgoblin shouts!
The kobold barely misses you.
You miss the kobold. The kobold barely misses you. The kobold hits you.
* * * LOW HITPOINT WARNING * * *
You barely miss the kobold. The kobold hits you.
* * * LOW HITPOINT WARNING * * *
You hit the kobold.
You kill the kobold!
The giant cockroach barely misses you.
You are too injured to fight recklessly!
You hit the giant cockroach.
The giant cockroach is heavily wounded.
The giant cockroach barely misses you.
You are too injured to fight recklessly!
You hit the giant cockroach.
The giant cockroach is severely wounded.
The giant cockroach completely misses you.
The giant cockroach bites you but does no damage.
You hit the giant cockroach.
You kill the giant cockroach!
You barely miss the hobgoblin. The hobgoblin hits you.
* * * LOW HITPOINT WARNING * * *
The hobgoblin barely misses you.
You closely miss the hobgoblin. The hobgoblin barely misses you.
You hit the hobgoblin.
The hobgoblin is severely wounded.
The hobgoblin hits you.
You die...

##########
#........#
#........# #
#........#
#.####........#
#..@g........<#
######.......(#
........<......#
....##.....#####
.. #.#.### #.#.#
#.#.. #.##. #.
..


You could see a hobgoblin.

Vanquished Creatures
  An ooze (D:1)
  A dart slug (D:1)
  2 bats (D:1)
  2 giant cockroaches
  A hobgoblin (D:1)
  2 kobolds
  2 rats (D:1)
11 creatures vanquished.

Notes
Turn   | Place    | Note
-------+----------+-------------------------------------------
     0 | D:1      | Amnesiac the Deep Elf Wanderer began the quest for the Orb.
     0 | D:1      | Amnesiac set off with the following items: a wand of
                  | enslavement (15), a +0 hand axe, a +0 robe, a ration; and
                  | the following spells available to memorise: Passwall,
                  | Sticks to Snakes
     0 | D:1      | Reached XP level 1. HP: 12/12 MP: 6/6
   262 | D:1      | Reached XP level 2. HP: 16/16 MP: 8/8
   320 | D:2      | Slain by a hobgoblin

Vault maps used:
D:1:      minmay_arrival_nine_rooms, serial_forest, infiniplex_forest_zigzag_2,
          infiniplex_forest_fountain, infiniplex_forest_3_way,
          infiniplex_forest_clump_large, infiniplex_forest_lined_3_way
D:2:      grunt_temple_overflow_opulence, vehumet_crystals

Skill      XL: |  1 |
---------------+----+-----
Evocations     | 2 |  2.8
Fighting       | |  1.0
Axes           | |  1.0
Throwing       | |  1.0
Armour         | |  1.0
Spellcasting   | |  3.0
Conjurations   | |  2.1
Summonings     | |  1.1

Action                   || total
-------------------------++-------
Melee: Hand axe          ||    37
Armor: Robe              ||    13
Dodge: Dodged            ||    31

Table legend:
 A = Non-vault XP
 B = Vault XP
 C = Vault XP percentage of total XP
 D = Non-vault monster count
 E = Vault monster count
 F = Vault count percentage of total count
                 A         B        C        D         E       F
            +---------+---------+-------+---------+---------+-------
      Total |      26 |       0 |   0.0 |      11 |       0 |   0.0
            +---------+---------+-------+---------+---------+-------
        D:1 |      23 |       0 |   0.0 |       9 |       0 |   0.0
        D:2 |       3 |       0 |   0.0 |       2 |       0 |   0.0
            +---------+---------+-------+---------+---------+-------
